TOP OF THE 1ST |
Columbia Fireflies batting - Pitching for Altoona Curve : LHP Mario Flores
|
Pitching: LHP Mario Flores
|
|
Batting: RHB Omar Novoa
|
0-0: Foul Ball, location: 2F 0-1: Ball 1-1: Foul Ball, location: 2F 1-2: Strikes out swinging
|
Batting: RHB Larry Shoop
|
0-0: Ball 1-0: Called Strike 1-1: Called Strike 1-2: Strikes out swinging
|
Batting: SHB Masatoshi Akahoshi
|
0-0: Swinging Strike 0-1: Ball 1-1: Ball 2-1: Foul Ball, location: 2F 2-2: Strikes out swinging
|
Top of the 1st over - 0 runs, 0 hits, 0 errors, 0 left on base; Columbia 0 - Altoona 0 |
BOTTOM OF THE 1ST |
Altoona Curve batting - Pitching for Columbia Fireflies : RHP Jose Esquibel
|
Pitching: RHP Jose Esquibel
|
|
Batting: LHB Sammy Roddenberry
|
0-0: Ball 1-0: Ball 2-0: Ball 3-0: Ground out 6-3 (Groundball, 56, EV 108.1 MPH)
|
Batting: LHB Jorge Quintana
|
0-0: Ball 1-0: Called Strike 1-1: Ground out U3 (Groundball, 13, EV 92.5 MPH)
|
Batting: LHB Nick Rooney
|
0-0: Ball 1-0: Ground out U3 (Groundball, 3L, EV 98.8 MPH)
|
Bottom of the 1st over - 0 runs, 0 hits, 0 errors, 0 left on base; Columbia 0 - Altoona 0 |
TOP OF THE 2ND |
Columbia Fireflies batting - Pitching for Altoona Curve : LHP Mario Flores
|
Batting: RHB Masaya Nakamura
|
0-0: Ground out 6-3 (Groundball, 6, EV 85.6 MPH)
|
Batting: RHB Jose Lara
|
0-0: Called Strike 0-1: Ball 1-1: Ball 2-1: Swinging Strike 2-2: Ball 3-2: Foul Ball, location: 2F 3-2: Strikes out swinging
|
Batting: RHB Andy Carrell
|
0-0: Swinging Strike 0-1: Called Strike 0-2: Strikes out looking
|
Top of the 2nd over - 0 runs, 0 hits, 0 errors, 0 left on base; Columbia 0 - Altoona 0 |
BOTTOM OF THE 2ND |
Altoona Curve batting - Pitching for Columbia Fireflies : RHP Jose Esquibel
|
Batting: LHB Ruben Garza
|
0-0: Ball 1-0: Foul Ball, location: 2F 1-1: Ground out 4-3 (Groundball, 34, EV 85.6 MPH)
|
Batting: RHB Jose Almonte
|
0-0: Ball 1-0: Ball 2-0: Foul Ball, location: 2F 2-1: Ball 3-1: Fly out, F9 (Flyball, 89S, EV 91.9 MPH)
|
Batting: RHB Freddy Quintero
|
0-0: Ball 1-0: Called Strike 1-1: Swinging Strike 1-2: Ball 2-2: Foul Ball, location: 2F 2-2: Ball 3-2: Foul Ball, location: 2F 3-2: Base on Balls
|
Batting: RHB Mike Velazquez
|
0-0: Called Strike 0-1: Swinging Strike 0-2: Ball 1-2: Ball 2-2: Fielders Choice at 2nd, 5-4 (Groundball, 56, EV 104.4 MPH)
|
Bottom of the 2nd over - 0 runs, 0 hits, 0 errors, 1 left on base; Columbia 0 - Altoona 0 |
TOP OF THE 3RD |
Columbia Fireflies batting - Pitching for Altoona Curve : LHP Mario Flores
|
Batting: RHB Elias Urbina
|
0-0: Called Strike 0-1: SINGLE (Groundball, 5S, EV 99.4 MPH)
|
Batting: RHB Dan Muse
|
0-0: Ball 1-0: Fielders Choice at 2nd, 4-6 (Groundball, 34S, EV 92.5 MPH)
|
Batting: RHB David Reyna
|
0-0: Swinging Strike 0-1: Foul Ball, location: 2F 0-2: Fly out, F8 (Line Drive, 8LM, EV 89.4 MPH)
|
Batting: RHB Omar Novoa
|
0-0: DOUBLE (Groundball, 5L, EV 96.9 MPH) Dan Muse to third Runner from 3rd tries for Home, SAFE, throw by LF to trailing runner, SAFE at third!
|
Batting: RHB Larry Shoop
|
0-0: Ball 1-0: Ground out 4-3 (Groundball, 4, EV 78.1 MPH)
|
Top of the 3rd over - 1 run, 2 hits, 0 errors, 1 left on base; Columbia 1 - Altoona 0 |
BOTTOM OF THE 3RD |
Altoona Curve batting - Pitching for Columbia Fireflies : RHP Jose Esquibel
|
Batting: RHB Keiji Nakajima
|
0-0: Called Strike 0-1: Ball 1-1: TRIPLE (Flyball, 9LD, EV 90.6 MPH)
|
Batting: RHB Pleun Smit
|
0-0: Ground out 4-3 (Groundball, 4, EV 86.9 MPH) Keiji Nakajima scores
|
Batting: LHB Sammy Roddenberry
|
0-0: Ball 1-0: Ground out U3 (Groundball, 34, EV 88.1 MPH)
|
Batting: LHB Jorge Quintana
|
0-0: Ball 1-0: Ball 2-0: Called Strike 2-1: Foul Ball, location: 2F 2-2: Foul Ball, location: 2F 2-2: TRIPLE (Flyball, 89XD, EV 108.8 MPH)
|
Batting: LHB Nick Rooney
|
0-0: Foul Ball, location: 2F 0-1: Ball 1-1: Ball 2-1: 2-RUN HOME RUN (Flyball, 7D, EV 105.6 MPH), Distance : 392 ft
|
Batting: LHB Ruben Garza
|
0-0: Foul Ball, location: 2F 0-1: Foul Ball, location: 2F 0-2: Ball 1-2: Ground out 5-3 (Groundball, 56S, EV 85.6 MPH)
|
Bottom of the 3rd over - 3 runs, 3 hits, 0 errors, 0 left on base; Columbia 1 - Altoona 3 |
TOP OF THE 4TH |
Columbia Fireflies batting - Pitching for Altoona Curve : LHP Mario Flores
|
Batting: SHB Masatoshi Akahoshi
|
0-0: Ball 1-0: Ball 2-0: Called Strike 2-1: Fly out, F7 (Flyball, 7, EV 90.0 MPH)
|
Batting: RHB Masaya Nakamura
|
0-0: Swinging Strike 0-1: Foul Ball, location: 2F 0-2: Ground out 5-3 (Groundball, 56S, EV 82.5 MPH)
|
Batting: RHB Jose Lara
|
0-0: Ball 1-0: Ball 2-0: TRIPLE (Flyball, 89XD, EV 93.8 MPH)
|
Batting: RHB Andy Carrell
|
0-0: Foul Ball, location: 2F 0-1: Ball 1-1: SINGLE (Line Drive, 78S, EV 94.4 MPH) Jose Lara scores
|
Batting: RHB Elias Urbina
|
0-0: Fly out, F6 (Line Drive, 6MD, EV 73.1 MPH)
|
Top of the 4th over - 1 run, 2 hits, 0 errors, 1 left on base; Columbia 2 - Altoona 3 |
BOTTOM OF THE 4TH |
Altoona Curve batting - Pitching for Columbia Fireflies : RHP Jose Esquibel
|
Batting: RHB Jose Almonte
|
0-0: Ball 1-0: Ball 2-0: Ball 3-0: Called Strike 3-1: Base on Balls
|
Batting: RHB Freddy Quintero
|
0-0: Called Strike Jose Almonte steals 2nd base 0-1: Ball 1-1: Ball 2-1: Fly out, F8 (Line Drive, 78M, EV 90.0 MPH)
|
Batting: RHB Mike Velazquez
|
0-0: SINGLE (Flyball, 9, EV 88.1 MPH) Jose Almonte to third
|
Batting: RHB Keiji Nakajima
|
0-0: Foul Ball, location: 2F 0-1: Ball 1-1: Ball 2-1: Called Strike 2-2: Strikes out swinging
|
Batting: RHB Pleun Smit
|
0-0: SINGLE (Groundball, 56D, EV 96.9 MPH) Jose Almonte scores Mike Velazquez to second
|
Batting: LHB Sammy Roddenberry
|
0-0: Fly out, F9 (Flyball, 9, EV 85.6 MPH)
|
Bottom of the 4th over - 1 run, 2 hits, 0 errors, 2 left on base; Columbia 2 - Altoona 4 |
TOP OF THE 5TH |
Columbia Fireflies batting - Pitching for Altoona Curve : LHP Mario Flores
|
Batting: RHB Dan Muse
|
0-0: Called Strike 0-1: Ball 1-1: Ball 2-1: Called Strike 2-2: Strikes out swinging
|
Batting: RHB David Reyna
|
0-0: Ball 1-0: Ball 2-0: Ball 3-0: Called Strike 3-1: Swinging Strike 3-2: Strikes out swinging
|
Batting: RHB Omar Novoa
|
0-0: Foul Ball, location: 2F 0-1: Ball 1-1: Swinging Strike 1-2: SINGLE (Groundball, 5D, EV 97.5 MPH)
|
Batting: RHB Larry Shoop
|
0-0: Ball 1-0: Called Strike 1-1: DOUBLE (Line Drive, 3D, EV 99.4 MPH) Omar Novoa to third
|
Batting: SHB Masatoshi Akahoshi
|
0-0: Ball 1-0: Foul Ball, location: 2F 1-1: Ball 2-1: Foul Ball, location: 2F 2-2: Ball 3-2: Strikes out swinging
|
Top of the 5th over - 0 runs, 2 hits, 0 errors, 2 left on base; Columbia 2 - Altoona 4 |
BOTTOM OF THE 5TH |
Altoona Curve batting - Pitching for Columbia Fireflies : RHP Jose Esquibel
|
Batting: LHB Jorge Quintana
|
0-0: Called Strike 0-1: Called Strike 0-2: Foul Ball, location: 2F 0-2: Ball 1-2: Ball 2-2: Fly out, F7 (Flyball, 7D, EV 102.5 MPH)
|
Batting: LHB Nick Rooney
|
0-0: Ball 1-0: Foul Ball, location: 2F 1-1: Foul Ball, location: 2F 1-2: Ball 2-2: Ball 3-2: Fly out, F7 (Flyball, 7S, EV 79.4 MPH)
|
Batting: LHB Ruben Garza
|
0-0: Called Strike 0-1: Ball 1-1: Called Strike 1-2: Ball 2-2: SINGLE (Flyball, 7LS, EV 100.6 MPH)
|
Batting: RHB Jose Almonte
|
0-0: Called Strike 0-1: Foul Ball, location: 2F 0-2: Fly out, F1 (Popup, P, EV 80.6 MPH)
|
Bottom of the 5th over - 0 runs, 1 hit, 0 errors, 1 left on base; Columbia 2 - Altoona 4 |
TOP OF THE 6TH |
Columbia Fireflies batting - Pitching for Altoona Curve : LHP Mario Flores
|
Batting: RHB Masaya Nakamura
|
0-0: Ball 1-0: Ball 2-0: Ground out U3 (Groundball, 3S, EV 85.0 MPH)
|
Batting: RHB Jose Lara
|
0-0: Foul Ball, location: 2F 0-1: Ball 1-1: Ball 2-1: Ball 3-1: Base on Balls
|
Batting: RHB Andy Carrell
|
0-0: Ground out 4-3 (Groundball, 4D, EV 99.4 MPH) Jose Lara to second
|
Batting: RHB Elias Urbina
|
0-0: Swinging Strike 0-1: Swinging Strike 0-2: Foul Ball, location: 2F 0-2: Ball 1-2: Fly out, F9 (Flyball, 89S, EV 93.8 MPH)
|
Top of the 6th over - 0 runs, 0 hits, 0 errors, 1 left on base; Columbia 2 - Altoona 4 |
BOTTOM OF THE 6TH |
Altoona Curve batting - Pitching for Columbia Fireflies : RHP Jose Esquibel
|
Batting: RHB Freddy Quintero
|
0-0: Called Strike 0-1: Swinging Strike 0-2: Ground out 3-1 (Groundball, 34S, EV 83.1 MPH)
|
Batting: RHB Mike Velazquez
|
0-0: DOUBLE (Flyball, 78XD, EV 110.0 MPH)
|
Batting: RHB Keiji Nakajima
|
0-0: Intentional Walk
|
Batting: RHB Pleun Smit
|
0-0: Ball 1-0: Fly out, F9 (Flyball, 9S, EV 88.8 MPH)
|
Batting: LHB Sammy Roddenberry
|
0-0: DOUBLE (Line Drive, 78XD, EV 108.1 MPH) Mike Velazquez scores Keiji Nakajima to third Runner from 3rd tries for Home, SAFE, throw by CF to home
|
Pitching: RHP Jason Horvath
|
|
Batting: LHB Jorge Quintana
|
0-0: Called Strike 0-1: Ball Passed Ball! Sammy Roddenberry to third 1-1: Ground out 6-3 (Groundball, 6, EV 93.8 MPH)
|
Bottom of the 6th over - 2 runs, 2 hits, 0 errors, 1 left on base; Columbia 2 - Altoona 6 |
TOP OF THE 7TH |
Columbia Fireflies batting - Pitching for Altoona Curve : LHP Mario Flores
|
Batting: RHB Dan Muse
|
0-0: Ball 1-0: SINGLE (Groundball, 6D, EV 110.6 MPH)
|
Batting: RHB David Reyna
|
0-0: Ball 1-0: Called Strike 1-1: Swinging Strike 1-2: Strikes out swinging
|
Batting: RHB Omar Novoa
|
0-0: Ball 1-0: Called Strike 1-1: Ball 2-1: Foul Ball, location: 2F 2-2: Ball 3-2: Strikes out swinging
|
Batting: RHB Larry Shoop
|
0-0: Ball 1-0: Foul Ball, location: 2F 1-1: Fly out, F8 (Flyball, 8LM, EV 95.0 MPH)
|
Top of the 7th over - 0 runs, 1 hit, 0 errors, 1 left on base; Columbia 2 - Altoona 6 |
BOTTOM OF THE 7TH |
Altoona Curve batting - Pitching for Columbia Fireflies : RHP Jason Horvath
|
Batting: LHB Nick Rooney
|
0-0: Ground out 5-3 (Groundball, 5, EV 78.1 MPH)
|
Batting: LHB Ruben Garza
|
0-0: Called Strike 0-1: Ball 1-1: Ball 2-1: Ball 3-1: Base on Balls
|
Batting: RHB Jose Almonte
|
0-0: Foul Ball, location: 2F 0-1: Foul Ball, location: 2F 0-2: Ball 1-2: Foul Ball, location: 2F 1-2: SINGLE (Groundball, 6MD, EV 96.2 MPH) Ruben Garza to second
|
Batting: RHB Freddy Quintero
|
0-0: Ball 1-0: Called Strike 1-1: Ball 2-1: Called Strike 2-2: Ball 3-2: Strikes out swinging
|
Batting: RHB Mike Velazquez
|
0-0: Ball 1-0: Ball 2-0: Ball 3-0: Called Strike 3-1: Called Strike 3-2: Strikes out swinging
|
Bottom of the 7th over - 0 runs, 1 hit, 0 errors, 2 left on base; Columbia 2 - Altoona 6 |
TOP OF THE 8TH |
Columbia Fireflies batting - Pitching for Altoona Curve : LHP Mario Flores
|
Pitching: LHP Phil DeCamp
|
|
Batting: SHB Masatoshi Akahoshi
|
0-0: Hit by Pitch
|
Batting: RHB Masaya Nakamura
|
0-0: Called Strike 0-1: SINGLE (Line Drive, 4MD, EV 101.9 MPH) Masatoshi Akahoshi to second
|
Batting: RHB Jose Lara
|
0-0: Fly out, F8 (Flyball, 78D, EV 91.9 MPH) Runner from 2nd tags up, OUT at 3rd! 8-5
|
Batting: RHB Andy Carrell
|
0-0: Fly out, F7 (Flyball, 7D, EV 96.9 MPH)
|
Top of the 8th over - 0 runs, 1 hit, 0 errors, 1 left on base; Columbia 2 - Altoona 6 |
BOTTOM OF THE 8TH |
Altoona Curve batting - Pitching for Columbia Fireflies : RHP Jason Horvath
|
Pitching: LHP Ricardo Chavez
|
|
Batting: RHB Keiji Nakajima
|
0-0: Ball 1-0: Ball 2-0: Foul Ball, location: 2F 2-1: Fly out, F9 (Flyball, 9D, EV 101.2 MPH)
|
Batting: RHB Pleun Smit
|
0-0: Called Strike 0-1: Ball 1-1: Ground out 6-3 (Groundball, 56D, EV 81.9 MPH)
|
Batting: LHB Sammy Roddenberry
|
0-0: Called Strike 0-1: Foul Ball, location: 2F 0-2: Foul Ball, location: 2F 0-2: Strikes out swinging
|
Bottom of the 8th over - 0 runs, 0 hits, 0 errors, 0 left on base; Columbia 2 - Altoona 6 |
TOP OF THE 9TH |
Columbia Fireflies batting - Pitching for Altoona Curve : LHP Phil DeCamp
|
Batting: RHB Elias Urbina
|
0-0: Called Strike 0-1: Ball 1-1: Swinging Strike 1-2: Ground out 5-3 (Groundball, 56S, EV 75.6 MPH)
|
Batting: RHB Dan Muse
|
0-0: Ground out 6-3 (Groundball, 6S, EV 83.1 MPH)
|
Batting: RHB David Reyna
|
0-0: Called Strike 0-1: Swinging Strike 0-2: Ball 1-2: Ball 2-2: Ball 3-2: Strikes out looking
|
Top of the 9th over - 0 runs, 0 hits, 0 errors, 0 left on base; Columbia 2 - Altoona 6 |
|